 Dungeon Crawl Stone Soup version 0.21.0-37-g46506fa (webtiles) character file.

962 JeffiDaFish the Shield-Bearer (level 8, 0/49 HPs)
             Began as a Gargoyle Fighter on Jan 31, 2018.
             Slain by an ogre
             ... wielding a +0 giant club
              (16 damage)
             ... on level 5 of the Dungeon.
             The game lasted 00:10:56 (3811 turns).

JeffiDaFish the Shield-Bearer (Gargoyle Fighter)    Turns: 3811, Time: 00:10:57

Health: 0/49       AC: 17    Str: 19    XL:     8   Next: 15%
Magic:  8/8        EV:  7    Int: 10    God:
Gold:   152        SH: 12    Dex: 11    Spells: 7/7 levels left

rFire    . . .     SeeInvis .   a - +0 flail
rCold    + + .     Gourm    .   c - +2 shield
rNeg     + . .     Faith    .   i - +0 chain mail
rPois    ∞         Spirit   .   o - +1 helmet
rElec    +         Reflect  .   q - scarf {rC+ rF+}
rCorr    .         Harm     .   (no gloves)
MR       .....                  (no boots)
Stlth    ..........             e - amulet of regeneration
HPRegen  0.56/turn              h - ring of ice
MPRegen  0.11/turn              (no ring)

@: no status effects
A: clever 1, negative energy resistance 1, electricity resistance, weak 1,
unbreathing, petrification resistance, rot immunity, AC +5
a: no special abilities


You were on level 5 of the Dungeon.
You were not hungry.

You visited 1 branch of the dungeon, and saw 5 of its levels.
You also visited: Sewer.

You collected 152 gold pieces.

Inventory:

Hand Weapons
 a - a +0 flail (weapon)
Armour
 c - a +2 shield (worn)
 i - a +0 chain mail (worn)
 m - a +0 cloak
 o - a +1 helmet (worn)
 q - a scarf of resistance (worn)
Jewellery
 e - an amulet of regeneration (around neck)
 h - a ring of ice (left hand)
Scrolls
 b - 5 scrolls of remove curse
 g - a scroll of teleportation
 n - 6 scrolls of identify
 p - a scroll of fear
Potions
 d - a potion of might
 j - 3 potions of curing
 k - 2 potions of heal wounds
Comestibles
 f - 14 rations
 l - 5 chunks of flesh


   Skills:
 + Level 5.1 Fighting
 + Level 4.1 Maces & Flails
 + Level 5.2 Armour
 * Level 4.1 Dodging
 + Level 5.3 Shields


You had 7 spell levels left.
You didn't know any spells.

Dungeon Overview and Level Annotations

Branches:
Dungeon (5/15)
 Temple: D:4-7

Altars:
Ashenzari
Dithmenos
Elyvilon
Xom
Yredelemnul


Innate Abilities, Weirdness & Mutations

You are resistant to torment.
Your stone body is resilient. (AC +5)
You are immune to poison.
You resist negative energy. (rN+)
You are resistant to electric shocks. (rElec)
You can survive without breathing.
You are immune to petrification.
You are immune to rotting.
Your mind is acute. (Int +2)
You are weak. (Str -2)


Message History

You block the ogre's attack.
Your shield and chain mail prevent you from hitting the ogre.
The ogre is moderately wounded.
The ogre hits you with a giant club!
You are too injured to fight recklessly!
You are too injured to fight recklessly!
You are too injured to fight recklessly!
You are too injured to fight recklessly!
You are too injured to fight recklessly!
You are too injured to fight recklessly!
You barely miss the ogre.
The ogre is moderately wounded.
The ogre hits you with a giant club!
You sock the ogre!
The ogre is severely wounded.
The ogre hits you but does no damage.
You hit the ogre.
The ogre is severely wounded.
The ogre hits you with a giant club!
You die...

..#...##.#
#.#...##.# #
#.#...##.#
###.####.#...##.#
........'.....>#
...#.#.#...##.#
#####.#.#.######.#
S................#
####.#@#.#####..#
#O#.# ... ..#.#
#... .###.# .. #.
#.# # ..# ###


You could see an ogre and an adder (wandering).

Vanquished Creatures
  Grinder (D:3)
  An ogre (D:5)
  2 bullfrogs (Sewer)
  A crimson imp (D:5)
  An orc priest (D:4)
  2 hounds (D:4)
  Crazy Yiuf (D:3)
  3 orc wizards
  A centaur skeleton (D:4)
  An iguana (D:5)
  Natasha (twice) (D:3)
  8 adders
  An adder skeleton (D:3)
  4 worms (D:2)
  2 dart slugs
  11 leopard geckos
  13 orcs
  6 ball pythons
  6 bats
  8 giant cockroaches
  2 gnoll zombies (D:3)
  8 goblins
  8 hobgoblins
  7 jackals
  11 kobolds
  3 quokkas
  A ball python skeleton (D:4)
  10 frilled lizards
  A jackal skeleton (D:5)
  4 rats
130 creatures vanquished.

Vanquished Creatures (others)
  A bat (D:3)
1 creature vanquished.

Grand Total: 131 creatures vanquished

Notes
Turn   | Place    | Note
-------+----------+-------------------------------------------
     0 | D:1      | JeffiDaFish the Gargoyle Fighter began the quest for the Orb.
     0 | D:1      | Reached XP level 1. HP: 14/14 MP: 1/1
    92 | D:1      | Reached XP level 2. HP: 10/19 MP: 2/2
   459 | D:1      | Reached XP level 3. HP: 19/23 MP: 3/3
   936 | D:2      | Reached skill level 1 in Dodging
   983 | D:2      | Reached XP level 4. HP: 27/28 MP: 4/4
  1403 | D:2      | Found a shattered altar of Ashenzari.
  1742 | D:3      | Reached XP level 5. HP: 33/33 MP: 5/5
  1795 | D:3      | Gained mutation: You are weak. (Str -2) [potion of mutation]
  1795 | D:3      | Gained mutation: Your mind is acute. (Int +2) [potion of mutation]
  1835 | D:3      | Found a glowing drain.
  1879 | Sewer    | Entered a sewer
  2270 | Sewer    | Reached XP level 6. HP: 36/38 MP: 6/6
  2658 | D:3      | Noticed Natasha
  2663 | D:3      | Killed Natasha
  2671 | D:3      | Found a white marble altar of Elyvilon.
  2709 | D:3      | Noticed Grinder
  2713 | D:3      | Paralysed by Grinder for 6 turns
  2728 | D:3      | Paralysed by Grinder for 4 turns
  2747 | D:3      | Paralysed by Grinder for 4 turns
  2755 | D:3      | Killed Grinder
  2755 | D:3      | Reached XP level 7. HP: 44/44 MP: 7/7
  2759 | D:3      | Found a runed door.
  2763 | D:3      | Noticed Crazy Yiuf
  2773 | D:3      | Killed Crazy Yiuf
  2840 | D:3      | Found a basalt altar of Yredelemnul.
  2894 | D:3      | Noticed Natasha
  2903 | D:3      | Killed Natasha
  2998 | D:4      | Reached skill level 5 in Shields
  3147 | D:4      | Found a shadowy altar of Dithmenos.
  3157 | D:4      | Found a shattered altar of Ashenzari.
  3387 | D:4      | Reached skill level 5 in Armour
  3514 | D:5      | Entered Level 5 of the Dungeon
  3564 | D:5      | Found a shimmering altar of Xom.
  3659 | D:5      | Reached XP level 8. HP: 47/48 MP: 8/8
  3711 | D:5      | Reached skill level 5 in Fighting
  3811 | D:5      | Slain by an ogre

Skill      XL: |  1  2  3  4  5  6  7  8 |
---------------+-------------------------+-----
Dodging        | 1 2 3 4 |  4.1
Shields        | 4 5 |  5.3
Armour         | 4 5 |  5.2
Fighting       | 4 5 |  5.1
Maces & Flails | 3 4 |  4.1

Action                   |  1- 3 |  4- 6 |  7- 9 || total
-------------------------+-------+-------+-------++-------
Melee: Flail             |   175 |   321 |   205 ||   701
  Use: Scroll            |     2 |     6 |     3 ||    11
       Potion            |     6 |     4 |       ||    10
  Eat: Chunk             |     1 |     6 |     5 ||    12
Armor: Scale mail        |   112 |    15 |       ||   127
       Chain mail        |       |   258 |   137 ||   395
Dodge: Dodged            |    73 |    86 |    61 ||   220
Block: Shield            |   119 |   231 |   139 ||   489
